 Dungeon Crawl Stone Soup version 0.26-a0-1020-ge47f559bc5 (webtiles) character file.

Game seed: 7315603903836931607

5034 Gargoyl the Fighter (level 10, -7/82 HPs)
             Began as a Gnoll Abyssal Knight on Dec 8, 2020.
             Was an Elder of Lugonu.
             Mangled by a two-headed ogre
             ... wielding a +0 giant club
              (17 damage)
             ... on level 8 of the Dungeon.
             The game lasted 00:12:38 (8689 turns).

Gargoyl the Fighter (Gnoll Abyssal Knight)          Turns: 8689, Time: 00:12:38

Health: -7/82      AC: 15    Str: 18    XL:     10   Next: 55%
Magic:  0/18       EV: 11    Int: 14    God:    Lugonu [****..]
Gold:   607        SH:  0    Dex: 17    Spells: 19/19 levels left

rFire    . . .     SeeInvis .   d - +9 flail of Unpleasantness {pain, Will+ Dex+2}
rCold    . . .     Faith    .   (no shield)
rNeg     . . .     Spirit   +   c - +1 chain mail
rPois    +         Reflect  .   k - +2 hat
rElec    .         Harm     .   (no cloak)
rCorr    .         Rampage  .   m - +1 pair of gloves (curse)
Will     +....                  (no boots)
Stlth    ..........             w - amulet of guardian spirit
HPRegen  0.23/turn              g - ring of poison resistance
MPRegen  0.16/turn              (no ring)

@: no status effects
A: distributed training, fangs 1, strong nose
a: Depart the Abyss, Bend Space, Banish, Corrupt, Renounce Religion


You were on level 8 of the Dungeon.
You worshipped Lugonu.
Lugonu was greatly pleased with you.
You visited 1 branch of the dungeon, and saw 8 of its levels.
You visited the Abyss 1 time.

You collected 607 gold pieces.

Inventory:

Hand Weapons
 a - a +2 hand axe
 d - the +9 flail of Unpleasantness (weapon) {pain, Will+ Dex+2}
   (You found it on level 2 of the Abyss)

   In the hands of one skilled in necromantic magic, it inflicts extra damage on
   living creatures.
   It affects your dexterity (+2).
   It affects your willpower, your defense against some magical effects.
 B - a cursed +2 hand axe of electrocution
Missiles
 l - 39 poisoned darts (quivered)
Armour
 c - a +1 chain mail (worn)
 k - a +2 hat (worn)
 m - a cursed +1 pair of gloves (worn)
Jewellery
 g - a ring of poison resistance (left hand)
 w - an amulet of guardian spirit (around neck)
Wands
 s - a wand of enslavement (7)
 t - a wand of digging (8)
 y - a wand of random effects (17)
 A - a wand of flame (25)
 D - a wand of paralysis (3)
Scrolls
 h - 2 scrolls of fog
 n - 3 scrolls of teleportation
 q - 2 scrolls of identify
 r - 2 scrolls of remove curse
 u - a scroll of blinking
 v - a scroll of fear
 x - 2 scrolls of magic mapping
 C - a scroll of enchant weapon
Potions
 b - 3 potions of curing
 e - 6 potions of heal wounds
 f - 3 potions of flight
 i - 2 potions of cancellation
 j - 3 potions of lignification
 o - 2 potions of degeneration {unknown}
 p - a potion of brilliance
 z - 2 potions of invisibility
 E - 2 potions of haste {unknown}


   Skills:
 + Level 8.6 Fighting
 + Level 5.4 Short Blades
 + Level 5.4 Long Blades
 + Level 7.1 Axes
 + Level 5.4 Maces & Flails
 + Level 5.4 Polearms
 + Level 5.4 Staves
 + Level 5.4 Slings
 + Level 5.4 Bows
 + Level 5.4 Crossbows
 + Level 5.4 Throwing
 + Level 7.1 Armour
 + Level 6.0 Dodging
 + Level 5.4 Stealth
 + Level 5.4 Shields
 + Level 5.4 Unarmed Combat
 + Level 5.4 Spellcasting
 + Level 4.4 Conjurations
 + Level 4.4 Hexes
 + Level 4.4 Summonings
 + Level 4.4 Necromancy
 + Level 4.4 Translocations
 + Level 4.4 Transmutations
 + Level 4.4 Fire Magic
 + Level 4.4 Ice Magic
 + Level 4.4 Air Magic
 + Level 4.4 Earth Magic
 + Level 4.4 Poison Magic
 + Level 7.5 Invocations
 + Level 5.4 Evocations


You had 19 spell levels left.
You didn't know any spells.
Your spell library contained the following spells:

 Spells                   Type           Power        Failure   Level
 Poisonous Vapours        Pois/Air       ###...       38%         2
 Conjure Flame            Conj/Fire      ###.....     63%         3
 Mephitic Cloud           Conj/Pois/Air  ###.....     63%         3
 Freezing Cloud           Conj/Ice/Air   ###.......   100%        6


Dungeon Overview and Level Annotations

Branches:
Dungeon (8/15)             Temple (0/1) D:4            Lair (0/6) D:8

Altars:
Dithmenos
The Shining One


Innate Abilities, Weirdness & Mutations

Your experience applies equally to all skills.
You have very sharp teeth.
Your uncanny sense of smell can sniff out nearby items.


Message History

Throw: 40 darts (poison)
Press: ? - help, Q - select action, (/) - cycle Shift-Dir - straight line, f - two-headed ogre
Aim: a two-headed ogre, wielding two +0 giant clubs (heavily wounded)
You throw a poisoned dart.
The poisoned dart hits the two-headed ogre.
The two-headed ogre is poisoned.
The two-headed ogre is heavily wounded.
The two-headed ogre looks more healthy.
You sock the two-headed ogre!
The two-headed ogre writhes in agony.
You bite the two-headed ogre.
The two-headed ogre is almost dead.
The two-headed ogre barely misses you.
The two-headed ogre hits you with a +0 giant club.
* * * LOW HITPOINT WARNING * * *
You hit the two-headed ogre.
The two-headed ogre writhes in agony.
The two-headed ogre is almost dead.
The two-headed ogre hits you with a +0 giant club!
* * * LOW HITPOINT WARNING * * *
The two-headed ogre hits you with a +0 giant club!!
You die...

............+.........'........^#
#####....####.........####....#.#
#.#.## ##.......## ##.#.#.# #.###
##.....## #..... ###.### ##...##
###.### #.....# ##'## .# #.###.#
#.# # #.# #.#########.#
#.###.##......@.##
#.....##.#####O..######
###.####.# #.......... #.#
#.#####...###### #.####.##...[.##
#.........###.# ######.######.#
#.<......# ########.#


You could see a two-headed ogre.

Vanquished Creatures
  3 death yaks
  Pikel (D:4)
  Duvessa (D:7)
  A black bear (D:8)
  An ice beast (D:6)
  A sky beast (D:5)
  A phantom (D:6)
  A centaur (D:7)
  A necrophage (D:8)
  2 ogres (D:5)
  A big kobold (D:7)
  3 bullfrogs (D:6)
  Dowan (D:7)
  2 water moccasin zombies
  5 wights (D:7)
  A howler monkey (D:8)
  A centaur zombie (D:7)
  2 bullfrog zombies
  A bullfrog skeleton (D:4)
  5 orc priests
  2 centaur skeletons
  4 hounds
  9 orc wizards
  Jessica (D:3)
  3 iguanas
  Natasha (twice) (D:3)
  6 worker ants
  2 hound skeletons (D:7)
  A worker ant zombie (D:5)
  A howler monkey skeleton (D:4)
  3 gnolls (D:2)
  5 adders
  A shadow imp (D:5)
  5 white imps
  3 ufetubi
  A dart slug (D:1)
  2 worms
  A leopard gecko (D:3)
  41 orcs
  3 ball pythons
  4 bats
  6 giant cockroaches
  6 goblins
  13 hobgoblins
  3 jackals (D:1)
  8 kobolds
  A quokka (D:5)
  8 frilled lizards
  6 rats
186 creatures vanquished.

Vanquished Creatures (others)
  A bat (D:3)
1 creature vanquished.

Grand Total: 187 creatures vanquished

Notes
Turn   | Place    | Note
-------+----------+-------------------------------------------
     0 | Abyss:1  | Gargoyl the Gnoll Abyssal Knight began the quest for the
                  | Orb.
     0 | Abyss:1  | Reached XP level 1. HP: 23/23 MP: 3/3
    30 | Abyss:1  | Noticed a sun demon
    35 | Abyss:1  | Found a corrupted altar of Lugonu.
    61 | Abyss:2  | Got a polished flail
    62 | Abyss:2  | Identified the +9 flail of Unpleasantness {pain, Will+
                  | Dex+2} (You found it on level 2 of the Abyss)
    93 | Abyss:2  | Noticed a large abomination
   105 | D:1      | Escaped the Abyss
   252 | D:1      | Reached * piety under Lugonu
   301 | D:1      | Reached XP level 2. HP: 26/29 MP: 5/5
   484 | D:1      | Reached XP level 3. HP: 35/35 MP: 6/6
  1002 | D:2      | Reached skill level 1 in Short Blades
  1002 | D:2      | Reached skill level 1 in Long Blades
  1002 | D:2      | Reached skill level 1 in Maces & Flails
  1002 | D:2      | Reached skill level 1 in Polearms
  1002 | D:2      | Reached skill level 1 in Staves
  1002 | D:2      | Reached skill level 1 in Slings
  1002 | D:2      | Reached skill level 1 in Bows
  1002 | D:2      | Reached skill level 1 in Crossbows
  1002 | D:2      | Reached skill level 1 in Throwing
  1002 | D:2      | Reached skill level 1 in Stealth
  1002 | D:2      | Reached skill level 1 in Shields
  1002 | D:2      | Reached skill level 1 in Unarmed Combat
  1002 | D:2      | Reached skill level 1 in Spellcasting
  1002 | D:2      | Reached skill level 1 in Evocations
  1099 | D:2      | Reached XP level 4. HP: 41/41 MP: 7/7
  1389 | D:3      | Reached skill level 1 in Conjurations
  1389 | D:3      | Reached skill level 1 in Hexes
  1389 | D:3      | Reached skill level 1 in Summonings
  1389 | D:3      | Reached skill level 1 in Necromancy
  1389 | D:3      | Reached skill level 1 in Translocations
  1389 | D:3      | Reached skill level 1 in Transmutations
  1389 | D:3      | Reached skill level 1 in Fire Magic
  1389 | D:3      | Reached skill level 1 in Ice Magic
  1389 | D:3      | Reached skill level 1 in Air Magic
  1389 | D:3      | Reached skill level 1 in Earth Magic
  1389 | D:3      | Reached skill level 1 in Poison Magic
  1401 | D:3      | Reached ** piety under Lugonu
  1695 | D:3      | Reached XP level 5. HP: 47/47 MP: 8/8
  1984 | D:3      | Reached skill level 5 in Invocations
  2070 | D:3      | Noticed Jessica
  2077 | D:3      | Killed Jessica
  2078 | D:3      | Reached XP level 6. HP: 50/53 MP: 9/9
  2228 | D:3      | Noticed Natasha
  2236 | D:3      | Killed Natasha
  2237 | D:3      | Reached skill level 5 in Axes
  2237 | D:3      | Reached skill level 5 in Armour
  2623 | D:3      | Noticed Natasha
  2630 | D:3      | Killed Natasha
  3096 | D:4      | Noticed Pikel
  3119 | D:4      | Killed Pikel
  3120 | D:4      | Reached skill level 7 in Fighting
  3120 | D:4      | Reached XP level 7. HP: 50/60 MP: 9/11
  3125 | D:4      | Reached XP level 8. HP: 57/67 MP: 9/12
  3330 | D:4      | Found a staircase to the Ecumenical Temple.
  3723 | D:5      | Entered Level 5 of the Dungeon
  4728 | D:5      | Reached *** piety under Lugonu
  5889 | D:6      | Reached XP level 9. HP: 72/72 MP: 14/14
  6725 | D:7      | Reached **** piety under Lugonu
  6821 | D:7      | Reached skill level 5 in Dodging
  6829 | D:7      | Found a glowing golden altar of the Shining One.
  6837 | D:7      | Noticed Dowan
  6842 | D:7      | Noticed Duvessa
  6849 | D:7      | Killed Duvessa
  6851 | D:7      | Killed Dowan
  7073 | D:7      | Reached skill level 8 in Fighting
  7537 | D:8      | Noticed a death yak
  7539 | D:8      | Found a staircase to the Lair.
  7554 | D:8      | Killed a death yak
  7555 | D:8      | Reached XP level 10. HP: 32/80 MP: 7/17
  7817 | D:8      | Found a shadowy altar of Dithmenos.
  7842 | D:8      | Reached skill level 5 in Short Blades
  7842 | D:8      | Reached skill level 5 in Long Blades
  7842 | D:8      | Reached skill level 5 in Maces & Flails
  7842 | D:8      | Reached skill level 5 in Polearms
  7842 | D:8      | Reached skill level 5 in Staves
  7842 | D:8      | Reached skill level 5 in Slings
  7842 | D:8      | Reached skill level 5 in Bows
  7842 | D:8      | Reached skill level 5 in Crossbows
  7842 | D:8      | Reached skill level 5 in Throwing
  7842 | D:8      | Reached skill level 5 in Stealth
  7842 | D:8      | Reached skill level 5 in Shields
  7842 | D:8      | Reached skill level 5 in Unarmed Combat
  7842 | D:8      | Reached skill level 5 in Spellcasting
  7842 | D:8      | Reached skill level 5 in Evocations
  7901 | D:8      | Noticed a death yak
  7901 | D:8      | Noticed a death yak
  7981 | D:7      | Killed a death yak
  8260 | D:7      | Killed a death yak
  8664 | D:8      | Noticed a two-headed ogre
  8689 | D:8      | Mangled by a two-headed ogre

Illustrated notes

Levels and vault maps discovered:
D:1:      minmay_arrival_split_and_join, layout_loops_ring,
          chequers_serial_rivers_room_b, minmay_tall_x
D:2:      layout_rooms
D:3:      layout_basic, kennysheep_cluttered_room, chequers_jeans, uniq_jessica,
          uniq_natasha
D:4:      layout_layer_cave, minmay_temple_entry_slanted, uniq_pikel
D:5:      minmay_recursive_quarters, layout_basic
D:6:      layout_loops_corners
D:7:      layout_basic, old_standard_altar, serial_curves, eino_curves_03,
          eino_curves_03, uniq_duvessa
D:8:      layout_loops_corners, dpeg_lair_monsters,
          nicolae_dithmenos_the_darkroom

Skill      XL: |  1  2  3  4  5  6  7  8  9 10 |
---------------+-------------------------------+-----
Short Blades   | 1 2 3 4 5 |  5.4
Long Blades    | 1 2 3 4 5 |  5.4
Maces & Flails | 1 2 3 4 5 |  5.4
Polearms       | 1 2 3 4 5 |  5.4
Staves         | 1 2 3 4 5 |  5.4
Slings         | 1 2 3 4 5 |  5.4
Bows           | 1 2 3 4 5 |  5.4
Crossbows      | 1 2 3 4 5 |  5.4
Throwing       | 1 2 3 4 5 |  5.4
Stealth        | 1 2 3 4 5 |  5.4
Shields        | 1 2 3 4 5 |  5.4
Unarmed Combat | 1 2 3 4 5 |  5.4
Spellcasting   | 1 2 3 4 5 |  5.4
Evocations     | 1 2 3 4 5 |  5.4
Conjurations   | 1 2 3 4 |  4.4
Hexes          | 1 2 3 4 |  4.4
Summonings     | 1 2 3 4 |  4.4
Necromancy     | 1 2 3 4 |  4.4
Translocations | 1 2 3 4 |  4.4
Transmutations | 1 2 3 4 |  4.4
Fire Magic     | 1 2 3 4 |  4.4
Ice Magic      | 1 2 3 4 |  4.4
Air Magic      | 1 2 3 4 |  4.4
Earth Magic    | 1 2 3 4 |  4.4
Poison Magic   | 1 2 3 4 |  4.4
Dodging        | 3 4 5 6 |  6.0
Invocations    | 5 6 7 |  7.5
Axes           | 5 6 7 |  7.1
Armour         | 5 6 7 |  7.1
Fighting       | 7 8 |  8.6

Action                   |  1- 3 |  4- 6 |  7- 9 | 10-12 || total
-------------------------+-------+-------+-------+-------++-------
Melee: Flail             |    57 |   135 |   235 |    86 ||   513
       Bite              |       |    11 |    30 |     6 ||    47
       Punch             |       |       |     4 |     4 ||     8
Throw: Dart              |       |       |     2 |     1 ||     3
Invok: Depart the Abyss  |     1 |       |       |       ||     1
  Use: Scroll            |     5 |     2 |    14 |       ||    21
       Potion            |       |       |     1 |       ||     1
Armor: Chain mail        |    30 |   107 |   146 |    41 ||   324
Dodge: Dodged            |    26 |    58 |   111 |    31 ||   226

Table legend: (Time is in decaauts)
 A = Elapsed time spent in this place.
 B = Non-inter-level travel time spent in this place.
 C = Inter-level travel time spent in this place.
 D = Time resting spent in this place.
 E = Time spent auto-exploring this place.
 F = Levels seen in this place.
 G = Mean time per level.
                   A        B        C        D        E       F      G
               +--------+--------+--------+--------+--------+-----+--------+
         Total |   8819 |   8584 |    235 |   1682 |   5246 |  10 |  881.9 |
       Dungeon |   8715 |   8480 |    235 |   1682 |   5202 |   8 | 1089.4 |
         Abyss |    104 |    104 |      0 |      0 |     44 |   2 |   52.0 |
               +--------+--------+--------+--------+--------+-----+--------+

Top non-repeatable levels by time:
     D:3: 1534 daAuts
     D:5: 1500 daAuts
     D:4: 1214 daAuts
     D:7: 1197 daAuts
     D:6: 910 daAuts
     D:8: 866 daAuts
     D:1: 847 daAuts
     D:2: 646 daAuts
 Abyss:1: 53 daAuts
 Abyss:2: 51 daAuts
